 Dungeon Crawl Stone Soup version 0.27.0-1-g7a089689b8 (webtiles) character file.

Game seed: 9778676673968143476

287 hofbold the Skirmisher (level 6, -3/53 HPs)
             Began as a Ghoul Monk on Aug 12, 2021.
             Slain by a water moccasin (6 damage)
             ... in the Ecumenical Temple.
             The game lasted 00:08:50 (5229 turns).

hofbold the Skirmisher (Ghoul Monk)                 Turns: 5229, Time: 00:08:51

Health: -3/53      AC:  5    Str: 17    XL:     6   Next: 30%
Magic:  5/5        EV: 11    Int:  5    God:
Gold:   170        SH:  0    Dex: 11    Spells: 5/5 levels left

rFire    . . .     SeeInvis .   a - +0 hand axe
rCold    + + .     Faith    .   (no shield)
rNeg     + + +     Spirit   .   b - +0 ring mail
rPois    ∞         Reflect  .   j - +1 helmet
rElec    .         Harm     .   (no cloak)
rCorr    .         Rampage  .   h - +1 pair of gloves
Will     .....                  (no boots)
Stlth    +.........             (no amulet)
HPRegen  0.00/turn              d - ring of protection from cold
MPRegen  0.09/turn              (no ring)

@: corroded, inhibited regen
A: claws 1, cold resistance 1, negative energy resistance 3, inhibited
regeneration, torment resistance 2
a: no special abilities


You were in the Ecumenical Temple.
You visited 2 branches of the dungeon, and saw 7 of its levels.

You collected 226 gold pieces.
You spent 56 gold pieces at shops.

Inventory:

Hand Weapons
 a - a +0 hand axe (weapon)
Armour
 b - a +0 ring mail (worn)
 h - a +1 pair of gloves (worn)
 j - a +1 helmet (worn)
Jewellery
 d - a ring of protection from cold (left hand)
Wands
 m - a wand of polymorph (8)
Scrolls
 c - a scroll of magic mapping


   Skills:
 + Level 4.6 Fighting
 + Level 3.8 Axes
 + Level 2.4 Armour
 + Level 3.8 Dodging
 - Level 2.1 Stealth
 + Level 0.8 Evocations


You had 5 spell levels left.
You didn't know any spells.
Your spell library contained the following spells:

 Spells                   Type           Power      Damage    Failure   Level
 Gell's Gravitas          Tloc           0%         N/A       96%         3
 Teleport Other           Tloc           0%         N/A       96%         3
 Dispersal                Tloc           0%         N/A       100%        6


Dungeon Overview and Level Annotations

Branches:
Dungeon (6/15)             Temple (1/1) D:5

Altars:

Shops:
D:1 (   D:2 :[

Annotations:
D:4 Purgy
D:6 1 transporter


Innate Abilities, Weirdness & Mutations

You thrive by killing the living.
You are immune to poison.
You have sharp fingernails.
Your flesh is cold resistant. (rC+)
You are immune to negative energy. (rN+++)
You do not regenerate when monsters are visible.
You are immune to unholy pain and torment.


Message History

You aren't carrying any potions.
Unknown command.
Aiming: Polymorph
Press: ? - help, Shift-Dir - straight line, f/p - water moccasin
Aim: a water moccasin (moderately wounded, will become a steam dragon, a tengu, or a fire bat, chance to affect: 48%)
Okay, then.
The water moccasin bites you but does no damage.
The water moccasin bites you but does no damage.
Found a scroll of noise.
Found a staircase to the Ecumenical Temple.
A jelly comes into view.
The jelly quivers.
The water moccasin closely misses you.
Found 21 stones.
The water moccasin bites you.
* * * LOW HITPOINT WARNING * * *
The water moccasin barely misses you.
The water moccasin bites you but does no damage.
There is a staircase to the Ecumenical Temple here.
The water moccasin bites you but does no damage.
The jelly hits you but does no damage.
You climb downwards.
Welcome to the Ecumenical Temple!
There is a staircase back to the Dungeon here.
The water moccasin bites you but does no damage.
The water moccasin bites you.
* * * LOW HITPOINT WARNING * * *
The jelly barely misses you. The water moccasin bites you.
* * * LOW HITPOINT WARNING * * *
The water moccasin closely misses you.
You slash the bush!
The bush is lightly damaged.
You hit the bush but do no damage. You barely miss the water moccasin.
You hit the bush but do no damage. The water moccasin barely misses you.
You hit the bush but do no damage. You hit the bush.
You hit the bush but do no damage. You hit the jelly. The acid corrodes you!
Your hands burn!
* * * LOW HITPOINT WARNING * * *
You hit the water moccasin but do no damage.
The water moccasin bites you.
You die...

♣♣♣♣♣♣♣♣♣♣♣♣♣♣♣♣♣♣♣♣
....................♣
............8.....8.♣
....................♣
....................♣
P.....P.............♣
......P@S...........♣
.♣.♣.♣P♣JP..........♣
........⌠.....⌠.♣
..................♣
...............<....♣
....................♣
............⌠.....⌠.♣
.♣.♣.♣.♣............♣
P..............♣


You could see a water moccasin and a jelly.

Vanquished Creatures
  A hound (D:5)
  2 hound skeletons (D:4)
  8 adders
  A worm (D:3)
  5 dart slugs
  7 orcs
  4 bats
  8 endoplasms
  4 giant cockroaches
  2 goblins (D:4)
  7 hobgoblins
  13 jackals
  A quokka (D:2)
  5 ball pythons
  2 frilled lizards (D:1)
  2 kobolds
  3 rats
75 creatures vanquished.

Vanquished Creatures (collateral kills)
  A water moccasin (D:6)
1 creature vanquished.

Grand Total: 76 creatures vanquished

Notes
Turn   | Place    | Note
-------+----------+-------------------------------------------
     0 | D:1      | hofbold the Ghoul Monk began the quest for the Orb.
     0 | D:1      | Reached XP level 1. HP: 19/19 MP: 0/0
    89 | D:1      | Found Lasoaly's Weapon Emporium.
   367 | D:1      | Reached XP level 2. HP: 26/26 MP: 1/1
   803 | D:1      | Found a faded altar of an unknown god.
   916 | D:2      | Noticed a phantom
  1430 | D:1      | Reached skill level 1 in Armour
  1430 | D:1      | Reached XP level 3. HP: 25/31 MP: 2/2
  1823 | D:2      | Found Ecotel's Armour Boutique.
  1840 | D:2      | Reached XP level 4. HP: 40/40 MP: 3/3
  1843 | D:2      | Bought a +0 ring mail for 56 gold pieces
  1947 | D:2      | Reached skill level 4 in Fighting
  1963 | D:2      | You fall into a shaft and drop 2 floors!
  2886 | D:2      | Found Vomofogo's Book Shop.
  3286 | D:3      | Reached XP level 5. HP: 27/46 MP: 4/4
  4207 | D:4      | Noticed Purgy
  4258 | D:5      | Entered Level 5 of the Dungeon
  4642 | D:5      | Noticed an ice beast
  4676 | D:5      | Noticed a sky beast
  5111 | D:4      | You fall into a shaft and drop 2 floors!
  5113 | D:6      | Noticed a water moccasin
  5141 | D:6      | Found a transporter.
  5143 | D:6      | Killed a water moccasin
  5144 | D:6      | Reached XP level 6. HP: 46/53 MP: 5/5
  5171 | D:6      | Noticed a water moccasin
  5210 | D:5      | Found a staircase to the Ecumenical Temple.
  5219 | Temple   | Entered the Ecumenical Temple
  5229 | Temple   | Slain by a water moccasin

Illustrated notes

Levels and vault maps discovered:
D:1:      psy_arrival_conway, layout_rooms, dilly_ecumenical_altar_fadedgnrine,
          serial_shops, nicolae_shop_waterfront, grunt_decor_clamped
D:2:      layout_loops_ring, serial_shops, shop, nicolae_shop_waterfront,
          chequers_avenue, minmay_diced_spiral
D:3:      layout_basic
D:4:      layout_cave_pools, mainiacjoe_overflow_small_starburst,
          nicolae_shop_gadgets, uniq_purgy
D:5:      layout_basic, mainiacjoe_overflow_large_starburst, marbit_many_paths,
          minmay_temple_entry_stoned_glass
D:6:      layout_layer_cave, mainiacjoe_overflow_tiny_flanked,
          gammafunk_temple_overflow_arena, dk_noncrumbling_4
Temple:   jpeg_temple_alley_garden

Skill      XL: |  1  2  3  4  5 |
---------------+----------------+-----
Dodging        | 3 |  3.8
Armour         | 1 2 |  2.4
Axes           | 3 |  3.8
Fighting       | 4 |  4.6
Stealth        | |  2.1
Evocations     | |  0.8

Action                   |  1- 3 |  4- 6 || total
-------------------------+-------+-------++-------
Melee: Hand axe          |   109 |   278 ||   387
Throw: Javelin           |       |     2 ||     2
  Use: Scroll            |       |    12 ||    12
       Potion            |       |     2 ||     2
 Stab: Sleeping          |     5 |       ||     5
       Invisible         |       |     1 ||     1
Armor: Leather armour    |    40 |       ||    40
       Ring mail         |       |   175 ||   175
Dodge: Dodged            |   102 |   226 ||   328
